 Dungeon Crawl Stone Soup version 0.18.1-8-gdd0e5ea (webtiles) character file.

106047 Peloso the Peltast (level 15, -3/139 HPs)
             Began as a Minotaur Fighter on June 11, 2016.
             Was the Champion of Okawaru.
             Slain by an orc priest
             ... wielding a +0 club
              (8 damage)
             ... on level 2 of the Orcish Mines.
             The game lasted 01:38:43 (26124 turns).

Peloso the Peltast (Minotaur Fighter)              Turns: 26124, Time: 01:38:44

Health: -3/139     AC: 27    Str: 30    XL:     15   Next: 96%
Magic:  16/16      EV: 13    Int:  8    God:    Okawaru [******]
Gold:   2332       SH:  9    Dex: 16    Spells: 0 memorised, 14 levels left

rFire  + + .     SeeInvis .     J - +5 double sword (elec)
rCold  + . .     Gourm    .     c - +1 plate armour {rC+}
rNeg   + . .     Faith    +     O - +0 buckler {rN+}
rPois  .         Spirit   .     g - +2 hat
rElec  +         Dismiss  .     y - +2 cloak
rCorr  +         Reflect  .     E - +0 pair of gloves "Wodizib" {rElec Int+3 Dex+4 Stlth+}
SustAt .         Harm     .     T - +1 pair of boots {rF+}
MR     +....                    i - amulet of faith
Stlth  ..........               r - ring "Adwatt" {rF+ Str+5 Stlth-}
                                N - ring of resist corrosion

@: somewhat resistant to hostile enchantments, extremely unstealthy
A: retaliatory headbutt, horns 2
a: Heroism, Finesse, Renounce Religion


You were on level 2 of the Orcish Mines.
You worshipped Okawaru.
Okawaru was exalted by your worship.
You were not hungry.

You visited 3 branches of the dungeon, and saw 25 of its levels.
You visited the Abyss 1 time.
You also visited: Labyrinth and Volcano.

You collected 2332 gold pieces.

Inventory:

Hand Weapons
 a - a +1 long sword of flaming
 m - the +9 double sword "Hydraslayer" {antimagic, rPois Str-2 Stlth+}
   (Okawaru gifted it to you on level 5 of the Lair of Beasts)

   It disrupts the flow of magical energy around spellcasters and certain
   magical creatures (including the wielder).
   It affects your strength (-2).
   It protects you from poison.
   It makes you more stealthy.
 J - a +5 double sword of electrocution (weapon)
Armour
 c - a +1 plate armour of cold resistance (worn)
 g - a +2 hat (worn)
 y - a +2 cloak (worn)
 A - a +2 pair of boots
 E - the +0 pair of gloves "Wodizib" (worn) {rElec Int+3 Dex+4 Stlth+}
   (Okawaru gifted it to you on level 12 of the Dungeon)

   It affects your intelligence (+3).
   It affects your dexterity (+4).
   It insulates you from electricity.
   It makes you more stealthy.
 O - a +0 buckler of positive energy (worn)
 T - a +1 pair of boots of fire resistance (worn)
Jewellery
 b - an uncursed ring of positive energy
 i - an amulet of faith (around neck)
 l - an uncursed ring of protection from cold
 o - a +2 ring of protection
 q - an uncursed ring of see invisible
 r - the ring "Adwatt" (right hand) {rF+ Str+5 Stlth-}
   (You found it on level 13 of the Dungeon)

   [ring of loudness]

   It affects your strength (+5).
   It protects you from fire.
   It makes you less stealthy.
 t - an uncursed ring of protection from fire
 z - an uncursed ring of sustain attributes
 M - a +3 ring of dexterity
 N - a ring of resist corrosion (left hand)
 R - a +3 ring of slaying
Wands
 u - a wand of digging (18/24)
Scrolls
 e - 5 scrolls of enchant armour
 h - 4 scrolls of remove curse
 s - 7 scrolls of identify
 G - 4 scrolls of teleportation
 K - 4 scrolls of recharging
 U - 4 scrolls of fear
 Z - 3 scrolls of fog
Potions
 d - 2 potions of brilliance
 k - a potion of cure mutation
 w - 5 potions of flight
 B - 8 potions of curing
 C - 4 potions of berserk rage
 D - 3 potions of agility
 H - 3 potions of might
 I - 5 potions of haste
 L - 6 potions of resistance
Books
 x - the Handbook of the Escort and Earth
   (You found it on level 13 of the Dungeon)

   Spells                             Type                      Level
   a - Sandblast                      Earth                        1
   b - Summon Small Mammal            Summoning                    1
   c - Call Imp                       Summoning                    2
   d - Call Canine Familiar           Summoning                    3
   e - Summon Lightning Spire         Summoning/Air                4
   f - Petrify                        Transmutation/Earth          4
   g - Aura of Abjuration             Summoning                    5
 F - a book of Frost

   Spells                             Type                      Level
   a - Freeze                         Ice                          1
   b - Throw Frost                    Conjuration/Ice              2
   c - Ozocubu's Armour               Charms/Ice                   3
   d - Throw Icicle                   Conjuration/Ice              4
   e - Summon Ice Beast               Ice/Summoning                4
Comestibles
 f - 19 bread rations
 j - 4 slices of pizza
 n - 11 meat rations
 v - a beef jerky
 Q - 21 fruits


   Skills:
 + Level 14.6 Fighting
   Level 0.2(10.7) Short Blades
 + Level 17.1 Long Blades
   Level 2.0 Maces & Flails
 + Level 14.1 Armour
 + Level 8.0 Dodging
 + Level 2.4 Stealth
 + Level 18.2 Shields
 + Level 2.9 Invocations
 + Level 0.6 Evocations


You had 14 spell levels left.
You didn't know any spells.

Dungeon Overview and Level Annotations

Branches:
Dungeon (15/15)            Temple (0/1) D:6            Lair (8/8) D:10
  Swamp (0/4) Lair:6        Snake (0/4) Lair:5        Slime (0/6) Lair:7
    Orc (2/2) D:10            Elf (0/3) Orc:2        Vaults (0/5) D:14
 Depths (0/5) D:15

Altars:
Cheibriados
Elyvilon
Fedhas
Gozag
Kikubaaqudgha
Makhleb
Nemelex Xobeh
Okawaru
Qazlal
Ru
Sif Muna
Vehumet
Yredelemnul
The Shining One
Beogh
Jiyva

Shops:
D:12 !

Portals:
Hell: Lair:8

Annotations:
D:5 Prince Ribbit


Innate Abilities, Weirdness & Mutations

You reflexively headbutt those who attack you in melee.
You have a pair of horns on your head.


Message History

Okay, then.
Evoke which item? (* to show all) (? for menu, Esc to quit)
Okay, then.
Read which item? (? for menu, Esc to quit)
As you read the scroll of fear, it crumbles to dust.
You assume a fearsome visage.
The orc looks frightened!
The orc warrior looks frightened!
The orc priest looks frightened!
The orc priest resists with some effort.
The orc priest looks frightened! x5; The ogre looks frightened!
The warg looks frightened!
The orc warlord resists with some effort.
The orc warrior looks frightened!
The orc looks frightened!
The orc warrior looks frightened!
The ogre looks frightened!
The orc looks frightened! x5; The ogre looks frightened!
The gnoll shaman looks frightened!
The gnoll looks frightened! x4
The orc priest no longer looks unusually strong. x3
The orc priest gibbers meaninglessly.
The orc warrior yells at you, "GO AWAY!"
You barely miss the orc priest. The orc priest hits you with a club!
You die...

**,* ##........... **,,***
##.....o...... *...#.*
#....#........ *##..#.*
*#...o.o...... ***......####
##.o..........
*#,**........####.o....)...)..
*..*,........o#o#.o........o..
***...,**#.......o..o....##o..o.
*,,...o,**#o.o.@..ooo#.o.##...##
***.....*##.o.O[o..o##...##..##,
*..o..o#O.o..###o##....##.##,,
*#.....†o.O{.# ###....###.#,,,
###..ghog#.## #....## #.#,,,
*#...g..### ##.### *,*,,,
#....g..#*** ##* *,*,,,
**#........,,** *,*,,*
**...........,,** *,*,,*


You could see an orc warlord, a warg (fleeing), 3 orc warriors, 3 ogres, a gnoll
shaman (fleeing), 7 orc priests, 3 gnolls and 7 orcs.

Vanquished Creatures
  2 angels (Abyss:3)
  A stone giant (D:11)
  Nessos (D:15)
  2 ophanim (Abyss:3)
  2 dire elephants (Lair:8)
  Azrael (D:12)
  The ghost of markolepsija72 the Carver, a journeyman TeBe of Trog (Lair:3)
  2 ettins
  A minotaur (Lab)
  An entropy weaver (shapeshifter) (D:14)
  Fannar (D:12)
  7 hydras
  5 centaur warriors
  The ghost of markolepsija72 the Carver, a journeyman TeBe of Trog (D:9)
  A tengu warrior (D:15)
  Urug (D:12)
  A fire crab (Lair:8)
  A sun demon (Abyss:3)
  A fire crab (shapeshifter) (D:15)
  2 wretched stars (Abyss:3)
  3 starcursed masses (Abyss:3)
  An unseen horror (D:13)
  A deep troll (D:15)
  2 wizards
  An orc knight (Orc:1)
  18 hill giants
  A wolf spider (D:13)
  An orc sorcerer (Orc:1)
  13 ugly things
  4 cyclopes
  2 griffons
  3 manticores (D:15)
  A sixfirhy (Lair:8)
  Joseph (D:9)
  5 centaur zombies
  24 elephants
  3 black mambas
  2 smoke demons
  6 orange demons (Lair:8)
  A gargoyle (D:15)
  2 torpor snails
  A spiny frog (shapeshifter) (D:14)
  5 rime drakes
  2 kobold demonologists (D:14)
  11 spiny frogs
  A yaktaur (Volcano)
  A tormentor (Abyss:3)
  5 komodo dragons
  An ice devil (Lair:8)
  A tengu conjurer (D:15)
  2 hellwings
  A troll (shapeshifter) (D:14)
  3 red devils (Lair:8)
  A polar bear (Lair:7)
  6 trolls
  3 two-headed ogres
  5 slime creatures
  4 raiju (Abyss:3)
  14 blink frogs
  2 redbacks (Lab)
  A human (shapeshifter) (D:15)
  A water elemental (D:14)
  4 shadows
  A spriggan (D:8)
  A wraith (D:14)
  38 yaks
  3 fire elementals (D:12)
  2 basilisks
  2 hungry ghosts
  2 large abominations (Abyss:3)
  11 hippogriffs
  A mottled dragon (D:15)
  4 vampire mosquitoes (Lair:6)
  2 neqoxecs
  Menkaure (D:4)
  3 nagas (Lair:5)
  4 wargs (D:11)
  Edmund (D:4)
  A soldier ant (D:15)
  19 water moccasins
  A hell hound (D:12)
  9 porcupines
  4 sky beasts
  A hornet simulacrum (D:15)
  A black bear (D:10)
  10 orc warriors
  4 ice beasts
  2 wasps
  13 ogres
  2 eyes of draining
  9 centaurs
  12 wolves
  24 crocodiles
  4 boggarts (D:14)
  8 big kobolds
  2 gnoll sergeants (D:10)
  18 giant frogs
  2 scorpions
  13 wights
  8 howler monkeys
  An electric eel (D:14)
  A small abomination (Abyss:3)
  5 crimson imps
  2 giant frog zombies
  7 hounds
  2 jellies (D:12)
  14 orc priests
  15 orc wizards
  4 centaur skeletons
  A giant frog skeleton (D:11)
  10 iguanas
  12 worker ants
  8 hell rats
  40 sheep
  A killer bee zombie (D:10)
  A hound skeleton (D:4)
  A worker ant zombie (D:5)
  11 gnolls
  14 adders
  73 river rats
  A shadow imp (D:5)
  A worm (D:4)
  2 dart slugs
  6 giant geckos
  45 orcs
  11 bats
  6 giant cockroaches
  10 goblins
  8 hobgoblins
  11 jackals
  17 kobolds
  3 quokkas
  3 ball pythons
  A giant gecko zombie (D:6)
  4 giant newts
  A quokka zombie (D:6)
  23 rats
  A plant (Lair:8)
825 creatures vanquished.

Vanquished Creatures (others)
  An ogre mage (D:11)
  An ancient zyme (Abyss:3)
  A raiju (Abyss:3)
  10 fungi
  6 plants (Lair:8)
  16 starspawn tentacles
  82 starspawn tentacle segments (Abyss:2)
117 creatures vanquished.

Grand Total: 942 creatures vanquished

Notes
Turn   | Place    | Note
--------------------------------------------------------------
     0 | D:1      | Peloso the Minotaur Fighter began the quest for the Orb.
     0 | D:1      | Reached XP level 1. HP: 19/19 MP: 0/0
    96 | D:1      | Reached XP level 2. HP: 21/27 MP: 1/1
   245 | D:1      | Reached skill level 4 in Shields
   552 | D:2      | Reached XP level 3. HP: 29/33 MP: 2/2
   769 | D:2      | Found a stormy altar of Qazlal.
   776 | D:2      | Found a blossoming altar of Fedhas.
   788 | D:2      | Reached XP level 4. HP: 14/41 MP: 3/3
  1075 | D:2      | Reached skill level 1 in Dodging
  1484 | D:3      | Found a snail-covered altar of Cheibriados.
  1662 | D:3      | Found a white marble altar of Elyvilon.
  1836 | D:3      | Reached XP level 5. HP: 42/47 MP: 4/4
  1897 | D:3      | Found a sacrificial altar of Ru.
  1909 | D:3      | Reached skill level 5 in Shields
  2370 | D:4      | Noticed Edmund
  2392 | D:4      | Killed Edmund
  2392 | D:4      | Reached skill level 1 in Stealth
  2392 | D:4      | Reached XP level 6. HP: 30/55 MP: 5/5
  2647 | D:4      | Noticed Menkaure
  2654 | D:4      | Killed Menkaure
  2654 | D:4      | Reached skill level 5 in Fighting
  2654 | D:4      | Reached skill level 5 in Armour
  2881 | D:4      | Reached XP level 7. HP: 59/61 MP: 6/6
  2918 | D:5      | Entered Level 5 of the Dungeon
  2998 | D:5      | Found an ancient bone altar of Kikubaaqudgha.
  3147 | D:5      | Noticed Prince Ribbit
  3163 | D:5      | Reached skill level 6 in Shields
  3883 | D:6      | Found an iron altar of Okawaru.
  3894 | D:6      | Became a worshipper of Warmaster Okawaru
  3984 | D:6      | Found a deep blue altar of Sif Muna.
  4075 | D:6      | Found a staircase to the Ecumenical Temple.
  4172 | D:6      | Reached skill level 5 in Long Blades
  4172 | D:6      | Reached skill level 7 in Shields
  4212 | D:6      | Reached XP level 8. HP: 46/69 MP: 7/7
  4222 | D:6      | Reached * piety under Okawaru
  5226 | D:7      | Reached skill level 8 in Shields
  5537 | D:7      | Found a sparkling altar of Nemelex Xobeh.
  5538 | D:7      | Found an opulent altar of Gozag.
  5661 | D:7      | Found a burning altar of Makhleb.
  5719 | D:7      | Reached ** piety under Okawaru
  6316 | D:8      | Reached skill level 5 in Dodging
  6359 | D:8      | Reached XP level 9. HP: 58/75 MP: 8/8
  6904 | D:8      | Reached skill level 9 in Shields
  7245 | D:8      | Found a sparkling altar of Nemelex Xobeh.
  7296 | D:8      | Found a basalt altar of Yredelemnul.
  7489 | D:9      | Reached *** piety under Okawaru
  7599 | D:9      | Noticed Joseph
  7614 | D:9      | Killed Joseph
  7614 | D:9      | Reached skill level 10 in Shields
  7618 | D:9      | Reached XP level 10. HP: 40/86 MP: 6/9
  7969 | D:9      | Noticed markolepsija72's ghost (journeyman TeBe)
  7992 | D:9      | Killed markolepsija72's ghost
  7992 | D:9      | Reached **** piety under Okawaru
  8084 | D:9      | Found a radiant altar of Vehumet.
  8125 | D:9      | Noticed a four-headed hydra
  8287 | D:10     | Entered Level 10 of the Dungeon
  8349 | D:10     | Noticed a hill giant
  8467 | D:10     | Found a staircase to the Lair.
  8479 | D:10     | Killed a hill giant
  8479 | D:10     | Reached skill level 11 in Shields
  8479 | D:10     | Reached skill level 1 in Invocations
  8617 | D:10     | Found a staircase to the Orcish Mines.
  8636 | D:10     | Reached ***** piety under Okawaru
  9198 | D:10     | Noticed a hill giant
  9211 | D:10     | Killed a hill giant
  9211 | D:10     | Reached XP level 11. HP: 36/95 MP: 11/11
 10163 | D:11     | Noticed a hill giant
 10174 | D:11     | Noticed an ogre mage
 10193 | D:10     | Reached skill level 10 in Armour
 10343 | D:10     | Killed a hill giant
 10343 | D:10     | Reached skill level 12 in Shields
 10410 | D:11     | Killed an ogre mage
 10410 | D:11     | Reached skill level 10 in Long Blades
 10571 | D:11     | Noticed a hill giant
 10571 | D:11     | Noticed a hill giant
 10576 | D:11     | Noticed a hill giant
 10577 | D:11     | Noticed a hill giant
 10583 | D:11     | Noticed a hill giant
 10605 | D:11     | Killed a hill giant
 10605 | D:11     | Reached skill level 1 in Maces & Flails
 10607 | D:11     | Noticed a hill giant
 10649 | D:11     | Noticed a hill giant
 10649 | D:11     | Noticed a hill giant
 10649 | D:11     | Noticed a hill giant
 10685 | D:11     | Killed a hill giant
 10685 | D:11     | Received a gift from Okawaru
 10686 | D:11     | Got a fabulously ornate robe {god gift}
 10711 | D:11     | Noticed a hill giant
 10895 | D:11     | Reached skill level 13 in Shields
 10947 | D:11     | Killed a hill giant
 10956 | D:11     | Killed a hill giant
 11213 | D:11     | Killed a hill giant
 11218 | D:11     | Killed a hill giant
 11265 | D:11     | Killed a hill giant
 11265 | D:11     | Reached XP level 12. HP: 77/105 MP: 12/12
 11563 | D:11     | Received a gift from Okawaru
 11563 | D:11     | Reached skill level 10 in Fighting
 11601 | D:11     | Noticed a stone giant
 11607 | D:11     | Got a dazzling long sword
 11608 | D:11     | Identified the cursed +2 long sword of Upheaval {venom, *Noise Str+3} (You found it on level 11 of the Dungeon)
 11630 | D:11     | Killed a stone giant
 11680 | D:11     | Got a crude war axe
 11693 | D:11     | Got a twisted broad axe
 11695 | D:11     | Got a dazzling war axe
 11699 | D:11     | Identified the cursed +3 war axe "Spiderslayer" {elec, +Rage rPois rF- rC++} (You found it on level 11 of the Dungeon)
 11704 | D:11     | Identified the cursed +1 broad axe of the Boiling Point {drain, Dex+3} (You found it on level 11 of the Dungeon)
 11712 | D:11     | Identified the +7 war axe of Revolt {elec, Dex+3} (You found it on level 11 of the Dungeon)
 11745 | D:11     | Got a translucent executioner's axe
 12011 | D:12     | Noticed Fannar
 12027 | D:12     | Reached skill level 14 in Shields
 12030 | D:12     | Killed Fannar
 12079 | D:12     | Got a steaming scale mail
 12081 | D:12     | Noticed Urug
 12086 | D:12     | Killed Urug
 12086 | D:12     | Received a gift from Okawaru
 12101 | D:12     | Got a pair of brightly glowing gloves {god gift}
 12107 | D:12     | Identified the +0 pair of gloves "Wodizib" {rElec Int+3 Dex+4 Stlth+} (Okawaru gifted it to you on level 12 of the Dungeon)
 12150 | D:12     | Noticed Azrael
 12163 | D:12     | Killed Azrael
 12371 | D:12     | Noticed a four-headed hydra
 12375 | D:12     | Killed a one-headed hydra
 12654 | D:12     | Found Gootakk's Distillery.
 12674 | D:12     | Reached XP level 13. HP: 116/116 MP: 13/13
 12907 | D:12     | Identified the +3 scale mail of the Ten Hells {Int+5} (You found it on level 12 of the Dungeon)
 13036 | Lair:1   | Entered Level 1 of the Lair of Beasts
 14050 | Lair:2   | Received a gift from Okawaru
 14053 | Lair:2   | Got an ancient steam dragon armour {god gift}
 14064 | Lair:2   | Identified the +0 steam dragon armour "Haare" {Dex+5} (Okawaru gifted it to you on level 2 of the Lair of Beasts)
 14472 | Lair:2   | Reached skill level 15 in Shields
 14525 | Lair:2   | Identified the +2 executioner's axe of Ru {drain, rPois Str+4 Dex-3} (You found it on level 11 of the Dungeon)
 14835 | Lair:3   | Noticed markolepsija72's ghost (journeyman TeBe)
 14875 | Lair:3   | Killed markolepsija72's ghost
 15677 | Lair:4   | Found a labyrinth entrance.
 15682 | Lab      | Entered a labyrinth
 15782 | Lab      | Noticed a minotaur
 15798 | Lab      | Killed a minotaur
 15875 | Lab      | Identified the Handbook of the Quahog (You found it in a labyrinth)
 17208 | Lair:5   | Found a staircase to the Snake Pit.
 17391 | Lair:5   | Received a gift from Okawaru
 17421 | Lair:5   | Got a scorched double sword {god gift}
 17422 | Lair:5   | Identified the +9 double sword "Hydraslayer" {antimagic, rPois Str-2 Stlth+} (Okawaru gifted it to you on level 5 of the Lair of Beasts)
 17498 | Lair:5   | Reached ****** piety under Okawaru
 17725 | Lair:5   | Reached skill level 16 in Shields
 17818 | Lair:5   | Reached XP level 14. HP: 106/127 MP: 4/14
 17979 | Lair:6   | Received a gift from Okawaru
 17982 | Lair:6   | Got a jewelled morningstar {god gift}
 17983 | Lair:6   | Identified the +0 morningstar "Opru Yvu" {flame, +Rage MR+} (Okawaru gifted it to you on level 6 of the Lair of Beasts)
 18264 | Lair:6   | Found a staircase to the Swamp.
 18925 | Lair:7   | Received a gift from Okawaru
 19160 | Lair:7   | Found a staircase to the Slime Pits.
 19160 | Lair:7   | Found a viscous altar of Jiyva.
 19509 | Lair:8   | Entered Level 8 of the Lair of Beasts
 19724 | Lair:8   | Received a gift from Okawaru
 19998 | Lair:8   | Reached skill level 17 in Shields
 20026 | Lair:8   | Found a burning altar of Makhleb.
 20061 | Lair:8   | Reached skill level 15 in Long Blades
 20075 | Lair:8   | Received a gift from Okawaru
 20302 | Lair:8   | Found a gateway to Hell.
 20582 | Lair:7   | Received a gift from Okawaru
 21591 | D:13     | Reached XP level 15. HP: 126/136 MP: 3/15
 21694 | D:13     | Got a slimy silver ring
 21696 | D:13     | Identified the ring "Adwatt" {rF+ Str+5 Stlth-} (You found it on level 13 of the Dungeon)
 21917 | D:13     | Received a gift from Okawaru
 21928 | D:13     | Identified the Handbook of the Escort and Earth
 22385 | D:14     | Found a glowing golden altar of the Shining One.
 22459 | D:14     | Found a gate to the Vaults.
 22649 | D:15     | Entered Level 15 of the Dungeon
 22710 | D:15     | Noticed Nessos
 22735 | D:15     | Killed Nessos
 23171 | D:15     | Found a staircase to the Depths.
 23173 | D:15     | Received a gift from Okawaru
 23540 | D:15     | Reached skill level 18 in Shields
 23871 | D:15     | Cast into level 2 of the Abyss (a wizard)
 23932 | Abyss:2  | Noticed a tentacled starspawn
 23936 | Abyss:2  | Noticed a tentacled starspawn
 24154 | Abyss:3  | Found a corrupted altar of Lugonu.
 24296 | Abyss:3  | Found a glowing golden altar of the Shining One.
 24424 | Abyss:3  | Noticed a tentacled starspawn
 24520 | Abyss:3  | Found a corrupted altar of Lugonu.
 24546 | D:15     | Escaped the Abyss
 24919 | Orc:1    | Entered Level 1 of the Orcish Mines
 24987 | Orc:1    | Found a roughly hewn altar of Beogh.
 25093 | Orc:1    | Found a dark tunnel.
 25104 | Volcano  | Entered a volcano
 25331 | Volcano  | Found a bloodstained altar of Trog.
 25625 | Orc:1    | Found a flagged portal.
 26086 | Orc:1    | You fall through a shaft!
 26086 | Orc:2    | Entered Level 2 of the Orcish Mines
 26097 | Orc:2    | Noticed an orc warlord
 26119 | Orc:2    | HP: 6/139 [orc priest/divine providence (11)]
 26124 | Orc:2    | Slain by an orc priest

Skill      XL: |  1  2  3  4  5  6  7  8  9 10 11 12 13 14 15 |
---------------+----------------------------------------------+-----
Shields        | 4 5 7 8 10 11 13 14 16 17 18 | 18.2
Fighting       | 4 5 6 7 8 9 11 12 13 14 | 14.6
Armour         | 4 5 6 7 8 9 11 12 13 14 | 14.1
Long Blades    | 3 4 5 6 7 9 10 12 14 15 17 | 17.1
Dodging        | 1 2 3 5 6 7 8 |  8.0
Stealth        | 1 2 |  2.4
Invocations    | 1 2 |  2.9
Maces & Flails | 2 |  2.0
Short Blades   | |  0.2
Evocations     | |  0.6

Action                   |  1- 3 |  4- 6 |  7- 9 | 10-12 | 13-15 || total
-------------------------+-------+-------+-------+-------+-------++-------
Melee: Long sword        |    75 |   123 |   379 |   572 |   596 ||  1745
       Headbutt          |    12 |    22 |    78 |   213 |   463 ||   788
       Dagger            |       |       |       |    11 |       ||    11
       Whip              |       |       |       |   105 |       ||   105
       Scimitar          |       |       |       |    94 |   132 ||   226
       Double sword      |       |       |       |       |   755 ||   755
Invok: Heroism           |       |       |     2 |    18 |     5 ||    25
Evoke: Wand              |       |       |     1 |     2 |     3 ||     6
  Use: Scroll            |       |       |    17 |     8 |    28 ||    53
       Potion            |       |       |       |     2 |     4 ||     6
 Stab: Invisible         |       |     1 |       |       |       ||     1
       Distracted        |       |       |     1 |       |     1 ||     2
  Eat: Chunk             |       |     6 |    16 |    20 |    39 ||    81
       Beef jerky        |       |       |       |       |     2 ||     2
       Royal jelly       |       |       |       |       |     1 ||     1
Armor: Scale mail        |    42 |    74 |    95 |       |     7 ||   218
       Chain mail        |       |       |    30 |       |       ||    30
       Plate armour      |       |       |    38 |   230 |   649 ||   917
Dodge: Dodged            |    31 |    58 |    85 |   163 |   625 ||   962
Block: Shield            |    46 |    79 |   203 |   468 |  1222 ||  2018
       Buckler           |       |       |       |       |    82 ||    82
